Map: Aire du défenseur EC

Players

Aron - Winner!

  • Race: Zerg Zerg
  • League: Gold
  • Spawn Location: 1:00

zidar

  • Race: Zerg Zerg
  • League: Gold
  • Spawn Location: 7:00

VOD

Have the link to the VOD?

Description

Time

  • Played on: July 10, 2017, 2:36 p.m.
  • Length: 3:52
Show
View Real Time Build Order
Export as new Build Order

Aron Zerg - Winner!

Build Orders: Pool First 

Get SALT Encoding   

  12  0:01  Drone  
  13  0:13  Drone  
  14  0:18  Extractor, Drone  
  14  0:21  Extractor  
  14  0:22  Drone  
  15  0:42  Spawning Pool  
  14  0:46  Overlord  
  14  1:08  Drone x3  
  17  1:20  Overlord  
  17  1:28  Metabolic Boost  
  17  1:31  Zergling x2  
  18  1:37  Queen  
  20  1:41  Zergling x2  
  21  1:52  Zergling x2  
  22  2:03  Zergling x2  
  22  2:05  Roach Warren  
  22  2:15  Zergling x2  
  23  2:28  Zergling x2  
  24  2:35  Queen  
  26  2:38  Zergling x2  
  27  2:48  Zergling x4  
  27  2:49  Zergling x2  
  29  3:18  Hatchery  
  29  3:19  Roach  
  30  3:20  Overlord  
  30  3:21  Overlord  
Show
View Real Time Build Order
Export as new Build Order

zidar Zerg 

Build Orders: 1 Base Baneling Bust, Pool Only 

Get SALT Encoding   

  12  0:02  Drone  
  13  0:13  Overlord  
  13  0:22  Drone  
  14  0:31  Drone x2  
  16  0:56  Spawning Pool  
  15  0:59  Extractor  
  15  1:01  Drone  
  15  1:09  Overlord  
  15  1:23  Overlord  
  15  1:43  Queen, Zergling x2  
  15  1:45  Zergling x2  
  15  1:46  Zergling x2  
  20  1:55  Zergling x2  
  20  1:58  Metabolic Boost  
  21  2:10  Zergling x2  
  22  2:18  Zergling x2  
  23  2:49  Baneling Nest  
  19  3:12  Spine Crawler  
  16  3:18  Zergling x2  
  16  3:19  Zergling x6  
Tags
 
Add a new tag
Caveats
  • Supply blocks, unpowered buildings, or Contaminate may cause inaccurate times.
  • Supply counts are checked every 10 seconds.